 Dungeon Crawl Stone Soup version 0.29-a0-194-g6e3aafee17 (webtiles) character file.

Game seed: 15830751648316945157

271 ZeroWinrate the Shooter (level 6, -3/53 HPs)
             Began as a Gnoll Wanderer on Feb 22, 2022.
             Slain by a kobold brigand
             ... wielding a +0 dagger
              (5 damage)
             ... on level 4 of the Dungeon.
             The game lasted 00:04:07 (3430 turns).

ZeroWinrate the Shooter (Gnoll Wanderer)            Turns: 3430, Time: 00:04:08

Health: -3/53      AC:  3    Str: 11    XL:     6   Next: 23%
Magic:  11/11      EV: 12    Int: 11    God:
Gold:   144        SH:  0    Dex: 14    Spells: 11/11 levels left

rFire   . . .      SeeInvis .   a - +3 shortbow
rCold   . . .      Faith    .   (shield currently unavailable)
rNeg    . . .      Spirit   .   c - +0 leather armour
rPois   .          Reflect  .   (no helmet)
rElec   .          Harm     .   (no cloak)
rCorr   .          Rampage  .   (no gloves)
Will    .....                   (no boots)
Stlth   ++........              (no amulet)
HPRegen 0.17/turn               (no ring)
MPRegen 0.12/turn               (no ring)

@: lethally poisoned (-3 -> -9), slowed, very slow
A: fangs 1, strong nose, distributed training
a: no special abilities


You were on level 4 of the Dungeon.
You visited 1 branch of the dungeon, and saw 5 of its levels.

You collected 144 gold pieces.

Inventory:

Hand Weapons
 a - a +3 shortbow (weapon)
 b - a +0 hand axe
Missiles
 k - 6 poisoned darts (quivered)
Armour
 c - a +0 leather armour (worn)
Wands
 j - a wand of polymorph (1)
Scrolls
 d - 3 scrolls of identify
 f - a scroll of fear {unknown}
 g - a scroll of teleportation
 h - a scroll of enchant armour {unknown}
 i - a scroll of noise {unknown}
 n - a scroll of acquirement {unknown}
Potions
 l - a potion of curing {unknown}
 m - a potion of cancellation {unknown}


   Skills:
 + Level 6.8 Fighting
 + Level 1.8 Short Blades
 + Level 1.8 Long Blades
 + Level 3.2 Axes
 + Level 1.8 Maces & Flails
 + Level 1.8 Polearms
 + Level 1.8 Staves
 + Level 1.8 Slings
 + Level 6.8 Bows
 + Level 1.8 Crossbows
 + Level 3.2 Throwing
 + Level 1.8 Armour
 + Level 3.2 Dodging
 + Level 1.8 Stealth
 + Level 1.8 Shields
 + Level 1.8 Unarmed Combat
 + Level 3.3 Spellcasting
 + Level 1.4 Conjurations
 + Level 1.4 Hexes
 + Level 1.4 Summonings
 + Level 1.4 Necromancy
 + Level 1.4 Translocations
 + Level 1.4 Transmutations
 + Level 1.4 Fire Magic
 + Level 1.4 Ice Magic
 + Level 1.4 Air Magic
 + Level 1.4 Earth Magic
 + Level 1.4 Poison Magic
 + Level 2.0 Invocations
 + Level 1.8 Evocations


You had 11 spell levels left.
You didn't know any spells.
Your spell library contained the following spells:

 Spells                   Type           Power      Damage    Failure   Level
 Shock                    Conj/Air       20%        1d4       19%         1
 Swiftness                Air            5%         N/A       50%         3
 Airstrike                Air            2%         N/A       88%         4


Dungeon Overview and Level Annotations

Branches:
Dungeon (5/15)
 Temple: D:4-7

Altars:
Ashenzari
Kikubaaqudgha

Annotations:
D:4 Pikel


Innate Abilities, Weirdness & Mutations

You have very sharp teeth.
Your uncanny sense of smell can sniff out nearby items.
Your experience applies equally to all skills.


Message History

Level annotation: Pikel
There is a stone staircase leading down here.
A kobold brigand comes into view.
It is wielding a +0 dagger and quivering curare-tipped darts.
The kobold brigand shouts!
The kobold brigand throws a curare-tipped dart.
The curare-tipped dart hits you.
You are poisoned.
You have difficulty breathing.
You feel yourself slow down.
You feel very sick.
The kobold brigand throws a curare-tipped dart.
The curare-tipped dart hits you.
You are more poisoned.
You have difficulty breathing.
You feel as though you will be slow longer.
You shoot an arrow. The arrow hits the kobold brigand!
The kobold brigand is heavily wounded.
You feel extremely sick.
You are too injured to fight recklessly!
You are too injured to fight recklessly!
You are too injured to fight recklessly!
You are too injured to fight recklessly!
Shoot: a) +3 shortbow
Press: ? - help, Shift-Dir - straight line, f/p - kobold brigand
Aim: a kobold brigand, wielding a +0 dagger and quivering curare-tipped darts (heavily wounded)
You shoot an arrow.
The arrow barely misses the kobold brigand.
You feel very sick.
The kobold brigand hits you with a +0 dagger.
* * * LOW HITPOINT WARNING * * *
The kobold brigand hits you with a +0 dagger!
* * * LOW HITPOINT WARNING * * *
Shoot: a) +3 shortbow
Press: ? - help, Shift-Dir - straight line, f/p - kobold brigand
Aim: a kobold brigand, wielding a +0 dagger and quivering curare-tipped darts (heavily wounded)
You shoot an arrow. The arrow hits the kobold brigand!
The kobold brigand is almost dead.
* * * LOW HITPOINT WARNING * * *
You feel very sick.
The kobold brigand hits you with a +0 dagger.
You die...

.# #....# #.#.#
#...... .# #....#
#.#.#########.....
.###....#
#.#........##.###+
........#
#.#........'....#.
#####...#
#.#........##...#.
#...#
#.#........###..#.
#...# #.#........#
#.... #...#
#.#........# #....
#...#
#@#.####'#####....
#...#
#K#.####.#........
#...#
#.#....#.#.####...
#####
#.####.#.#.###....
#.# #.#.#........
.........#
#.#.#####....
.........#
#.#.....#.#..
###......#
#.#####.#.#.>
##.....#
#.......#.#.#


You could see a kobold brigand.

Vanquished Creatures
  An ogre (D:4)
  A lemure (D:4)
  A hound (D:5)
  A gnoll shaman (D:5)
  5 adders
  3 gnolls (D:5)
  2 dart slugs
  6 ball pythons
  A bat zombie (D:3)
  4 endoplasms
  3 giant cockroaches (D:1)
  A goblin (D:1)
  7 hobgoblins
  2 jackals (D:3)
  5 kobolds
  5 quokkas
  2 bats
  7 rats
57 creatures vanquished.

Vanquished Creatures (others)
  3 plants (D:5)
3 creatures vanquished.

Grand Total: 60 creatures vanquished

Notes
Turn   | Place    | Note
-------+----------+-------------------------------------------
     0 | D:1      | ZeroWinrate the Gnoll Wanderer began the quest for the Orb.
     0 | D:1      | ZeroWinrate set off with the following items: a +3
                  | shortbow, a +0 hand axe, a +0 leather armour
     0 | D:1      | Reached XP level 1. HP: 23/23 MP: 4/4
    85 | D:1      | Reached XP level 2. HP: 29/29 MP: 5/5
   451 | D:1      | Found a faded altar of an unknown god.
   594 | D:1      | Reached XP level 3. HP: 35/35 MP: 7/7
   837 | D:2      | Reached skill level 1 in Invocations
  1329 | D:3      | Reached skill level 1 in Short Blades
  1329 | D:3      | Reached skill level 1 in Long Blades
  1329 | D:3      | Reached skill level 1 in Maces & Flails
  1329 | D:3      | Reached skill level 1 in Polearms
  1329 | D:3      | Reached skill level 1 in Staves
  1329 | D:3      | Reached skill level 1 in Slings
  1329 | D:3      | Reached skill level 1 in Crossbows
  1329 | D:3      | Reached skill level 1 in Armour
  1329 | D:3      | Reached skill level 1 in Stealth
  1329 | D:3      | Reached skill level 1 in Shields
  1329 | D:3      | Reached skill level 1 in Unarmed Combat
  1329 | D:3      | Reached skill level 1 in Evocations
  1427 | D:3      | Found a broken altar of Ashenzari.
  1573 | D:3      | Reached XP level 4. HP: 41/41 MP: 8/8
  1776 | D:3      | Found an ancient bone altar of Kikubaaqudgha.
  2191 | D:4      | Noticed an ogre
  2202 | D:4      | Killed an ogre
  2203 | D:4      | Reached skill level 1 in Conjurations
  2203 | D:4      | Reached skill level 1 in Hexes
  2203 | D:4      | Reached skill level 1 in Summonings
  2203 | D:4      | Reached skill level 1 in Necromancy
  2203 | D:4      | Reached skill level 1 in Translocations
  2203 | D:4      | Reached skill level 1 in Transmutations
  2203 | D:4      | Reached skill level 1 in Fire Magic
  2203 | D:4      | Reached skill level 1 in Ice Magic
  2203 | D:4      | Reached skill level 1 in Air Magic
  2203 | D:4      | Reached skill level 1 in Earth Magic
  2203 | D:4      | Reached skill level 1 in Poison Magic
  2203 | D:4      | Reached XP level 5. HP: 37/47 MP: 9/9
  2417 | D:4      | Noticed a lemure
  2419 | D:4      | Noticed Pikel
  2420 | D:4      | Noticed a lemure
  2421 | D:4      | Killed a lemure
  2422 | D:4      | Noticed a lemure
  2423 | D:4      | Noticed a lemure
  2559 | D:5      | Entered Level 5 of the Dungeon
  2845 | D:5      | Reached XP level 6. HP: 53/53 MP: 10/10
  3173 | D:5      | Noticed a water moccasin
  3175 | D:5      | Noticed a hornet
  3175 | D:5      | a water moccasin changed into a hornet
  3176 | D:5      | Noticed a rime drake
  3176 | D:5      | a hornet changed into a rime drake
  3177 | D:5      | Noticed a hornet
  3177 | D:5      | a rime drake changed into a hornet
  3177 | D:5      | Paralysed by a hornet for 2 turns
  3178 | D:5      | HP: 2/53 [hornet (10)]
  3430 | D:4      | HP: 2/53 [poisoned by a kobold brigand (curare-tipped
                  | dart)]
  3430 | D:4      | Slain by a kobold brigand

Illustrated notes

Levels and vault maps discovered:
D:1:      dpeg_arrival_renting, layout_basic, ebering_ecumenical_altar_rust
D:2:      layout_basic
D:3:      layout_loops_corners, lemuel_zombie_altar_kikubaaqudgha,
          mainiacjoe_overflow_small_starburst, minmay_statues_item
D:4:      layout_basic, nemelex_spade_bored_becter,
          minmay_temple_entry_statues_pillars, uniq_pikel
D:5:      layout_basic, minivault_23, guppyfry_early_lair_pool

Skill      XL: |  1  2  3  4  5  6 |
---------------+-------------------+-----
Invocations    | 1 2 |  2.0
Short Blades   | 1 |  1.8
Long Blades    | 1 |  1.8
Maces & Flails | 1 |  1.8
Polearms       | 1 |  1.8
Staves         | 1 |  1.8
Slings         | 1 |  1.8
Crossbows      | 1 |  1.8
Armour         | 1 |  1.8
Stealth        | 1 |  1.8
Shields        | 1 |  1.8
Unarmed Combat | 1 |  1.8
Evocations     | 1 |  1.8
Spellcasting   | 3 |  3.3
Axes           | 3 |  3.2
Throwing       | 3 |  3.2
Dodging        | 3 |  3.2
Conjurations   | 1 |  1.4
Hexes          | 1 |  1.4
Summonings     | 1 |  1.4
Necromancy     | 1 |  1.4
Translocations | 1 |  1.4
Transmutations | 1 |  1.4
Fire Magic     | 1 |  1.4
Ice Magic      | 1 |  1.4
Air Magic      | 1 |  1.4
Earth Magic    | 1 |  1.4
Poison Magic   | 1 |  1.4
Fighting       | |  6.8
Bows           | |  6.8

Action                   |  1- 3 |  4- 6 || total
-------------------------+-------+-------++-------
 Fire: Shortbow          |    68 |    95 ||   163
Evoke: Wand              |       |     3 ||     3
  Use: Scroll            |     1 |     2 ||     3
       Potion            |       |     3 ||     3
Armor: Leather armour    |       |    10 ||    10
Dodge: Dodged            |     8 |    58 ||    66

Table legend: (Time is in decaauts)
 A = Elapsed time spent in this place.
 B = Non-inter-level travel time spent in this place.
 C = Inter-level travel time spent in this place.
 D = Time resting spent in this place.
 E = Time spent auto-exploring this place.
 F = Levels seen in this place.
 G = Mean time per level.
                   A        B        C        D        E       F      G
               +--------+--------+--------+--------+--------+-----+--------+
         Total |   3470 |   3326 |    144 |    639 |   2298 |   5 |  694.0 |
       Dungeon |   3470 |   3326 |    144 |    639 |   2298 |   5 |  694.0 |
               +--------+--------+--------+--------+--------+-----+--------+

Top non-repeatable levels by time:
     D:3: 914 daAuts
     D:5: 849 daAuts
     D:1: 790 daAuts
     D:4: 618 daAuts
     D:2: 297 daAuts
